 Dungeon Crawl Stone Soup version 0.18-a0-750-g37044d6 (webtiles) character file.

530 fredomojojo the Covered (level 7, -6/60 HPs)
             Began as a Minotaur Fighter on Dec 12, 2015.
             Mangled by an orc warrior
             ... wielding a +0 short sword
              (7 damage)
             ... on level 4 of the Dungeon.
             The game lasted 00:25:49 (3031 turns).

fredomojojo the Covered (Minotaur Fighter)          Turns: 3031, Time: 00:25:49

Health: -6/60      AC: 12    Str: 23    XL:     7   Next: 3%
Magic:  6/6        EV:  5    Int:  5    God:
Gold:   191        SH: 10    Dex:  9    Spells: 0 memorised, 6 levels left

rFire  . . .     SeeInvis .     a - +0 long sword
rCold  . . .     Clarity  .     w - +0 plate armour
rNeg   . . .     SustAt   .     c - +0 shield
rPois  .         Gourm    .     (helmet restricted)
rElec  .         Spirit   .     (no cloak)
rCorr  .         Dismiss  .     (no gloves)
rMut   .         Stasis   .     (no boots)
MR     .....                    (no amulet)
Stlth  ..........               (no ring)
                                (no ring)

@: not resistant to hostile enchantments, extremely unstealthy
A: retaliatory headbutt, horns 2
a: no special abilities


You were on level 4 of the Dungeon.
You were not hungry.

You visited 2 branches of the dungeon, and saw 6 of its levels.

You collected 191 gold pieces.

Inventory:

Hand Weapons
 a - a +0 long sword (weapon)
Armour
 c - a +0 shield (worn)
 w - a +0 plate armour (worn)
Scrolls
 f - 4 scrolls of identify {unknown}
 g - 3 scrolls of remove curse {unknown}
 k - a scroll of immolation {unknown}
 m - 3 scrolls of random uselessness {unknown}
 q - 2 scrolls of fear {unknown}
 r - 2 scrolls of teleportation {unknown}
 u - a scroll of enchant armour {unknown}
 v - a scroll of blinking {unknown}
Potions
 b - 2 potions of curing {unknown}
 d - a potion of might
 j - 3 potions of flight {unknown}
 l - a potion of poison {unknown}
 p - a potion of invisibility {unknown}
 s - a potion of degeneration {unknown}
 t - a potion of berserk rage {unknown}
Comestibles
 e - 3 bread rations
 h - a chunk of flesh
 i - 4 meat rations
 n - 5 fruits
 o - a beef jerky


   Skills:
 + Level 4.6 Fighting
 + Level 4.2 Long Blades
 + Level 6.2 Armour
 + Level 2.5 Dodging
 + Level 5.9 Shields


You had 6 spell levels left.
You didn't know any spells.

Dungeon Overview and Level Annotations

Branches:
Dungeon (5/15)             Temple (1/1) D:4

Altars:
Ashenzari
Elyvilon
Fedhas
Makhleb
Pakellas
Ru
Sif Muna
Vehumet
Zin
Lugonu


Innate Abilities, Weirdness & Mutations

You reflexively headbutt those who attack you in melee.
You have a pair of horns on your head.


Message History

The orc priest invokes the aid of Beogh against you.
Something smites you! You block the orc warrior's attack.
You hit the orc warrior.
The orc warrior is heavily wounded.
The orc warrior hits you with a short sword!
* * * LOW HITPOINT WARNING * * *
Your plate armour prevents you from hitting the orc warrior.
Your headbutt misses the orc warrior.
The orc warrior is heavily wounded.
You block the orc warrior's attack.
Your shield and plate armour prevent you from hitting the orc warrior.
The orc warrior is heavily wounded.
The orc priest looks braver for a moment.
The orc warrior hits you with a short sword!
* * * LOW HITPOINT WARNING * * *
You barely miss the orc warrior.
The orc warrior is heavily wounded.
You block the orc warrior's attack.
The orc warrior hits you with a short sword!
You die...

...######.##.#####
##........##.#
##..#####.##.#
##..#####.##.#
.............#
....#####.####
###.#####.# ### #
#.......# #####o....
###.##### #.@ooo..#
##.## #.###.#.#
####...# #.# ..#
..##..[# #.##.## #
#.##...# ###.#...#.#
#.##...######.........#
#..........##......##.#
#..................#...
#..........##..........


You could see an orc warrior, an orc priest and 2 orcs.

Vanquished Creatures
  Sigmund (D:4)
  An ogre (D:4)
  A scorpion (D:4)
  4 worker ants (D:4)
  A hound skeleton (D:4)
  6 adders
  3 oozes
  3 worms
  5 giant geckos
  2 ball pythons
  3 giant cockroaches
  8 goblins
  9 hobgoblins
  A jackal (D:3)
  4 kobolds
  4 quokkas
  5 bats
  6 giant newts
  7 rats
74 creatures vanquished.

Notes
Turn   | Place    | Note
--------------------------------------------------------------
     0 | D:1      | fredomojojo the Minotaur Fighter began the quest for the Orb.
     0 | D:1      | Reached XP level 1. HP: 19/19 MP: 0/0
   182 | D:1      | Reached XP level 2. HP: 24/27 MP: 1/1
   241 | D:1      | Reached skill level 4 in Armour
   580 | D:2      | Reached skill level 1 in Dodging
   580 | D:2      | Reached XP level 3. HP: 33/33 MP: 2/2
  1531 | D:3      | Reached XP level 4. HP: 36/40 MP: 3/3
  2345 | D:4      | Reached skill level 5 in Armour
  2345 | D:4      | Reached XP level 5. HP: 46/46 MP: 4/4
  2458 | D:4      | Reached skill level 5 in Shields
  2458 | D:4      | Reached XP level 6. HP: 45/53 MP: 5/5
  2507 | D:5      | Entered Level 5 of the Dungeon
  2515 | D:4      | Noticed Sigmund
  2537 | D:4      | Killed Sigmund
  2668 | D:4      | Reached skill level 6 in Armour
  2738 | D:4      | Found a staircase to the Ecumenical Temple.
  2747 | Temple   | Entered the Ecumenical Temple
  2865 | D:4      | Reached XP level 7. HP: 13/60 MP: 6/6
  3030 | D:4      | HP: 1/60 [orc warrior/short sword (10)]
  3031 | D:4      | Mangled by an orc warrior

Vault maps used:
D:1:      sevenhm_arrival_forest_fort_large_2
D:3:      wad_river_or_something
D:4:      grunt_temple_overflow_holy_war, lemuel_temple_firewalk_marked,
          first_bread, uniq_menkaure, uniq_sigmund
D:5:      overflow_temple_1_default, old_standard_altar, serial_shops, shop,
          uniq_edmund
Temple:   corrupted_temple

Action                   |  1- 3 |  4- 6 |  7- 9 || total
-------------------------+-------+-------+-------++-------
Melee: Long sword        |   112 |   123 |    11 ||   246
  Eat: Chunk             |     2 |     5 |       ||     7
